 Dungeon Crawl Stone Soup version 0.31-a0-188-g5e087ee2ca (webtiles) character file.

Game seed: 4983786791482407243

73 qw the Shooter (level 4, -4/25 HPs)
             Began as a Deep Elf Hunter on June 23, 2023.
             Killed from afar by Sigmund (6 damage)
             ... with a magic dart
             ... on level 4 of the Dungeon.
             The game lasted 00:00:38 (1676 turns).

qw the Shooter (Deep Elf Hunter)                    Turns: 1676, Time: 00:00:39

Health: -4/25      AC:  7    Str: 16    XL:     4   Next: 8%
Magic:  6/6        EV: 11    Int: 14    God:
Gold:   114        SH:  0    Dex: 18    Spells: 3/3 levels left

rFire   . . .        Y - +0 shortbow
rCold   . . .        (shield currently unavailable)
rNeg    . . .        b - +0 ring mail
rPois   .            (no helmet)
rElec   .            h - +0 cloak
rCorr   .            (no gloves)
SInv    .            l - +0 pair of boots
Will    .....        (no amulet) Stlth
                     c - +6 ring of strength
HPRegen 0.24/turn    (no ring)
MPRegen 0.10/turn

%: no passive effects
@: confused
A: no striking features
a: no special abilities


You were on level 4 of the Dungeon.
You visited 1 branch of the dungeon, and saw 4 of its levels.

You collected 114 gold pieces.


   Skills:
 - Level 1.5 Fighting
 + Level 7.5 Ranged Weapons
 - Level 2.4 Dodging
 - Level 1.2 Stealth


You had 3 spell levels left.
You didn't know any spells.
Your spell library was empty.

Inventory:

Hand Weapons
 Y - a +0 shortbow (weapon)
Armour
 b - a +0 ring mail (worn)
 h - a +0 cloak (worn)
 l - a +0 pair of boots (worn)
Jewellery
 c - a +6 ring of strength (left hand)
Scrolls
 e - 4 scrolls of teleportation
 o - a scroll of identify
Potions
 a - a potion of haste {unknown}
 d - a potion of might {unknown}
 f - a potion of curing {unknown}
 g - a potion of attraction {unknown}
 i - a potion of enlightenment
 j - a potion of resistance {unknown}
 m - a potion of experience {unknown}
 n - a potion of cancellation

Dungeon Overview and Level Annotations

Branches:
Dungeon (4/15)
 Temple: D:4-7

Altars:

Shops:
D:4 :

Annotations:
D:4 Sigmund


Message History

You feel less confused.
Sigmund casts a spell.
Sigmund flickers and vanishes!
Deactivating autopickup; reactivate with Ctrl-A.
You shoot an arrow. You shoot an arrow.
You hear some strange, mumbled words.
You are confused.
You shoot an arrow. You shoot an arrow.
A magic dart appears from out of thin air!
The magic dart hits you!
You shoot an arrow. You shoot an arrow. You shoot an arrow.
You feel less confused.
You shoot an arrow. You shoot an arrow. You shoot an arrow. You shoot an arrow.
You shoot an arrow. You shoot an arrow. You shoot an arrow. You shoot an arrow.
A puff of flame appears from out of thin air!
The puff of flame hits you.
You shoot an arrow. You shoot an arrow.
A magic dart appears from out of thin air!
The magic dart hits you.
You shoot an arrow. You shoot an arrow.
You hear some strange, mumbled words.
You are confused.
You shoot an arrow. You shoot an arrow. You shoot an arrow.
A magic dart appears from out of thin air!
The magic dart hits you.
You die...

##..?# ..# .#..... ..#
....$. ##..# ###..#.####
.... ....{~~.~~## #..#
#.~~~.~~~# #..#
##~~}.}~~# ####..#
##....@...# ......#
##..~~}.}~~##
###..#####...~~~.~~~.#
#.............~~.~~#.#
..................+.....
#.................####..
#.#..............## .
#.#...<...#.....##
#.#......>##...##


There were no monsters in sight!

Vanquished Creatures
  Jessica (D:3)
  An adder (D:2)
  A worm (D:3)
  An orc (D:3)
  3 endoplasms
  A giant cockroach (D:2)
  A goblin (D:1)
  7 hobgoblins
  3 kobolds
  A quokka (D:3)
  A ball python (D:3)
  4 bats
  A frilled lizard (D:1)
  11 rats
37 creatures vanquished.

Notes
Turn   | Place    | Note
-------+----------+-------------------------------------------
     0 | D:1      | qw the Deep Elf Hunter began the quest for the Orb.
     0 | D:1      | Reached XP level 1. HP: 12/12 MP: 3/3
     0 | D:1      | 0 ||| qw: Version: 0.3-a-9-g12657ce
     0 | D:1      | 0 ||| qw: Game counter: 4166
     0 | D:1      | 0 ||| qw: Always use a shield: true
     0 | D:1      | 0 ||| qw: God list: Okawaru
     0 | D:1      | 0 ||| qw: Allow faded altars: false
     0 | D:1      | 0 ||| qw: Do Orc after D:15 true
     0 | D:1      | 0 ||| qw: Do second Lair branch before Depths: true
     0 | D:1      | 0 ||| qw: Lair rune preference: random
     0 | D:1      | 0 ||| qw: Plans: Normal
     0 | D:1      | 0 ||| PLANNING D:1-11
   139 | D:1      | Reached XP level 2. HP: 16/16 MP: 4/4
   167 | D:1      | Reached skill level 6 in Ranged Weapons
   320 | D:1      | Found a faded altar of an unknown god.
   449 | D:1      | 449 ||| UPGRADING to +0 cloak.
   454 | D:1      | 454 ||| DROPPING ring of magical power.
   455 | D:1      | 455 ||| READING scroll labelled SEADUH IZXEVO.
   456 | D:1      | 456 ||| READING scroll labelled FILUHY MIRESO.
   459 | D:1      | 459 ||| DROPPING scroll of butterflies.
   779 | D:2      | Reached XP level 3. HP: 20/20 MP: 5/5
   807 | D:2      | 807 ||| UPGRADING to +0 ring mail.
   817 | D:2      | 817 ||| DROPPING +0 leather armour.
   818 | D:2      | 818 ||| UPGRADING to +0 pair of boots.
   823 | D:2      | 823 ||| READING scroll labelled JYMUEWKICWY.
   824 | D:2      | 824 ||| DRINKING 2 bubbling green potions.
   851 | D:2      | 851 ||| DRINKING 2 sapphire potions.
   852 | D:2      | 852 ||| DROPPING potion of lignification.
   877 | D:3      | You fall into a shaft and drop 1 floor!
  1024 | D:3      | Noticed Jessica
  1031 | D:3      | Killed Jessica
  1032 | D:3      | Reached skill level 7 in Ranged Weapons
  1032 | D:3      | Reached XP level 4. HP: 21/25 MP: 6/6
  1605 | D:3      | 1605 ||| UPGRADING to +6 ring of strength.
  1606 | D:3      | 1606 ||| READING scroll labelled TUINTI QOLEV.
  1607 | D:3      | 1607 ||| DRINKING 2 orange potions.
  1625 | D:4      | Found Zoptefu's Self-Improvement Boutique.
  1632 | D:4      | Noticed Sigmund
  1669 | D:4      | HP: 5/25 [something/puff of flame (5)]
  1671 | D:4      | HP: 1/25 [something/magic dart (5)]
  1676 | D:4      | Killed from afar by Sigmund

Levels and vault maps discovered:
D:1:      amcnicky_arrival_blooded_trapdoor, layout_rooms,
          dreamdust_ecumenical_altar_statues, minmay_strange_pillars,
          chequers_garden, minmay_rat_gold_closets
D:2:      layout_rooms, supply_closet_lemuel, minmay_pentomino_r2
D:3:      layout_basic, serial_bayou_pond_b, chequers_big_river, uniq_jessica
D:4:      layout_loops_corners, grunt_temple_overflow_diamond,
          nicolae_shop_self_help, uniq_sigmund

Skill      XL: |  1  2  3 |
---------------+----------+-----
Ranged Weapons | 6 7 |  7.5
Fighting       | |  1.5
Dodging        | |  2.4
Stealth        | |  1.2

Action                     |  1- 3 |  4- 6 || total
---------------------------+-------+-------++-------
   Fire: Shortbow          |    73 |    30 ||   103
    Use: Scroll            |     3 |     1 ||     4
         Potion            |     2 |     1 ||     3
 Armour: Leather armour    |     2 |       ||     2
         Ring mail         |     2 |       ||     2
  Dodge: Dodged            |    13 |     2 ||    15

Table legend:
 A = Non-vault XP
 B = Vault XP
 C = Vault XP percentage of total XP
 D = Non-vault monster count
 E = Vault monster count
 F = Vault count percentage of total count
                 A         B        C        D         E       F
            +---------+---------+-------+---------+---------+-------
      Total |      57 |      48 |  45.7 |      26 |      11 |  29.7
            +---------+---------+-------+---------+---------+-------
        D:1 |      18 |       8 |  30.8 |      12 |       8 |  40.0
        D:2 |      24 |       3 |  11.1 |       7 |       2 |  22.2
        D:3 |      15 |      37 |  71.2 |       7 |       1 |  12.5
            +---------+---------+-------+---------+---------+-------
